 Dungeon Crawl Stone Soup version 0.24.0-2-g5b39cebb1c (webtiles) character file.

Game seed: 16417406348606511332, levelgen mode: deterministic

6078 mopl the Grappler (level 10, -3/86 HPs)
             Began as a Ghoul Fighter on Oct 29, 2019.
             Was a Believer of Nemelex Xobeh.
             Slain by a death yak (24 damage)
             ... on level 8 of the Dungeon.
             The game lasted 00:15:07 (7079 turns).

mopl the Grappler (Ghoul Fighter)                   Turns: 7079, Time: 00:15:08

Health: -3/86      AC: 15    Str: 24    XL:     10   Next: 88%
Magic:  14/14      EV:  5    Int:  4    God:    Nemelex Xobeh [**....]
Gold:   206        SH:  9    Dex: 10    Spells: 9/9 levels left

rFire    . . .     SeeInvis .     - Unarmed
rCold    + + .     Gourm    .   b - +0 shield
rNeg     + + +     Faith    .   t - +4 chain mail {rC+}
rPois    ∞         Spirit   .   (no helmet)
rElec    .         Reflect  .   I - +0 cloak
rCorr    .         Harm     +   (no gloves)
MR       .....                  g - +0 pair of boots
Stlth    ..........             f - amulet of harm
HPRegen  0.00/turn              e - +3 ring of strength
MPRegen  0.14/turn              (no ring)

@: rotting
A: rotting body, claws 1, carnivore, cold resistance 1, negative energy
resistance 3, inhibited regeneration, torment resistance, unbreathing
a: Draw Escape, Draw Destruction, Draw Summoning, Renounce Religion


You were on level 8 of the Dungeon.
You worshipped Nemelex Xobeh.
Nemelex Xobeh was pleased with you.
You were not hungry.

You visited 2 branches of the dungeon, and saw 9 of its levels.

You collected 425 gold pieces.
You spent 219 gold pieces at shops.

Inventory:

Missiles
 j - 9 poisoned darts (quivered)
 l - 3 javelins
 B - 2 boomerangs
Armour
 b - a +0 shield (worn)
 g - a +0 pair of boots (worn)
 t - a +4 chain mail of cold resistance (worn)
 I - a +0 cloak (worn)
Jewellery
 e - a +3 ring of strength (left claw)
 f - an amulet of harm (around neck)
Wands
 A - a wand of paralysis (8)
 D - a wand of enslavement (9)
Scrolls
 a - 3 scrolls of enchant armour {unknown}
 i - 5 scrolls of enchant weapon {unknown}
 k - 2 scrolls of teleportation
 n - a scroll of remove curse
 p - 3 scrolls of fog {unknown}
 r - 2 scrolls of blinking {unknown}
 u - 3 scrolls of fear
 w - a scroll of vulnerability
 y - 2 scrolls of amnesia {unknown}
 C - a scroll of random uselessness {unknown}
 H - a scroll of acquirement {unknown}
 J - a scroll of brand weapon {unknown}
 K - a scroll of summoning {unknown}
 L - a scroll of magic mapping {unknown}
Potions
 c - a potion of might
 h - 2 potions of heal wounds
 m - 3 potions of agility
 o - 2 potions of ambrosia
 q - 4 potions of brilliance
 s - a potion of resistance
 v - a potion of curing
 x - a potion of invisibility
 z - 2 potions of flight
 F - 2 potions of degeneration {unknown}
 G - a potion of berserk rage {unknown}
Comestibles
 d - 12 rations
 E - 6 chunks of flesh


   Skills:
 + Level 7.4 Fighting
 + Level 5.9 Throwing
 - Level 2.6 Armour
 - Level 2.6 Shields
 * Level 11.2 Unarmed Combat
 * Level 7.1 Invocations
 + Level 4.6 Evocations


You had 9 spell levels left.
You didn't know any spells.
Your spell library contained the following spells:

 Spells                   Type           Power        Failure   Level  Hunger
 Sticks to Snakes         Tmut           #.......     100%        2    ###....
 Ignite Poison            Fire/Tmut/Pois #.......     100%        3    ####...
 Borgnjor's Vile Clutch   Necr/Erth      #.........   100%        5    ######.
 Lee's Rapid Deconstruct  Erth           #.........   100%        5    ######.
 Beastly Appendage        Tmut           Unusable     N/A         1    N/A
 Ice Form                 Ice/Tmut       Unusable     N/A         4    N/A

Dungeon Overview and Level Annotations

Branches:
Dungeon (8/15)             Temple (1/1) D:5            Lair (0/6) D:8

Altars:
Ashenzari
Cheibriados
Dithmenos
Elyvilon
Fedhas
Gozag
Hepliaklqana
Kikubaaqudgha
Makhleb
Nemelex Xobeh
Okawaru
Qazlal
Ru
Sif Muna
Trog
Uskayaw
Vehumet
Wu Jian
Xom
Yredelemnul
Zin
The Shining One

Shops:
D:4 [?}


Innate Abilities, Weirdness & Mutations

Your body is rotting away.
You thrive on raw meat.
You are immune to poison.
You have sharp fingernails.
You are carnivorous and can eat meat at any time.
Your flesh is cold resistant. (rC+)
You are immune to negative energy. (rN+++)
You do not regenerate when monsters are visible.
You are immune to unholy pain and torment.
You can survive without breathing.


Message History

Your insubstantial wisp hits the death yak.
The death yak gores your insubstantial wisp!!
Your insubstantial wisp is destroyed!
There is an open door here.
You draw a card...
You have drawn the Shaft.
A shaft materialises beneath you! The death yak completely misses you.
You draw a card...
You have drawn the Elixir.
You begin rapidly regenerating.
The death yak gores you!
* * * LOW HITPOINT WARNING * * *
The death yak falls through a shaft!
The shaft crumbles and collapses.
You draw a card...
You have drawn the Cloud.
Clouds appear around you! The death yak gores you!!
* * * LOW HITPOINT WARNING * * *
The yak is engulfed in freezing vapours.
You claw the death yak!
The death yak is lightly wounded.
The death yak is engulfed in freezing vapours.
The death yak gores you!!
You die...
Your body disappears without a glow.

.....)................>.########.
.....#..................... #.
######..###########..#..### #.
#..#.......# #.....# #.
######..#.###...###.....# #.
........#.#<......###..## ##
........#.###.###.####.#######.#.
........#.# #..................#÷
######..#.# #.##@..###.#########.
######..#.######Y.○###.## #÷
........#.##....§.☼.....# #.
........#.##.####§§###..#### #.
.............# #..###.....# #.
..........#######Y#........# #.
........##Y.Y.○..§#.##.....# #.
.≈......##.########.##.#..## ##
≈≈≈≈....##........#.##.#..# #


You could see a death yak and a yak.

Vanquished Creatures
  Pikel (D:6)
  A polar bear (D:8)
  2 hippogriffs
  2 yaks (D:8)
  Sigmund (D:6)
  Eustachio (D:5)
  An orc warrior (D:7)
  2 sky beasts
  3 ice beasts
  3 slaves
  A necrophage (D:7)
  2 ogres
  A wolf (D:8)
  4 centaurs
  5 bullfrogs
  A wyvern zombie (D:8)
  4 scorpions
  2 howler monkeys
  An electric eel (D:8)
  4 crimson imps
  A bullfrog zombie (D:5)
  3 jellies
  2 bullfrog skeletons
  3 hounds
  An orc priest (D:3)
  Crazy Yiuf (D:6)
  8 orc wizards
  A water moccasin simulacrum (D:8)
  Terence (D:3)
  3 iguanas
  8 worker ants
  A killer bee zombie (D:7)
  5 gnolls
  3 adders
  3 shadow imps
  An ufetubus (D:8)
  3 oozes
  4 adder skeletons
  3 worms
  A dart slug (D:2)
  6 leopard geckos
  28 orcs
  10 bats
  2 giant cockroaches
  7 goblins
  6 hobgoblins
  16 jackals
  5 kobolds
  7 quokkas
  2 ball pythons
  6 frilled lizards
  A jackal skeleton (D:4)
  A leopard gecko zombie (D:7)
  6 rats
201 creatures vanquished.

Vanquished Creatures (collateral kills)
  3 death yaks (D:8)
  A yak (D:8)
4 creatures vanquished.

Vanquished Creatures (others)
  An orc wizard (D:7)
  A gnoll (D:6)
2 creatures vanquished.

Grand Total: 207 creatures vanquished

Notes
Turn   | Place    | Note
-------+----------+-------------------------------------------
     0 | D:1      | mopl the Ghoul Fighter began the quest for the Orb.
     0 | D:1      | Reached XP level 1. HP: 19/19 MP: 0/0
   162 | D:1      | Reached XP level 2. HP: 26/26 MP: 1/1
   171 | D:1      | Reached skill level 3 in Unarmed Combat
   432 | D:1      | Reached XP level 3. HP: 30/31 MP: 2/2
   557 | D:1      | Reached skill level 4 in Unarmed Combat
   828 | D:2      | Found a shattered altar of Ashenzari.
   842 | D:2      | Became a worshipper of Ashenzari the Shackled
   843 | D:2      | Fell from the grace of Ashenzari
  1022 | D:2      | Reached XP level 4. HP: 26/38 MP: 3/3
  1589 | D:3      | Reached skill level 5 in Unarmed Combat
  1660 | D:3      | Noticed Terence
  1703 | D:3      | Killed Terence
  1813 | D:3      | Reached XP level 5. HP: 45/45 MP: 4/4
  1832 | D:3      | Was forgiven by Ashenzari
  1832 | D:3      | Reached skill level 1 in Throwing
  2019 | D:3      | Found a shimmering altar of Xom.
  2029 | D:3      | Found a burning altar of Makhleb.
  2037 | D:3      | Found a hazy altar of Hepliaklqana.
  2038 | D:3      | Found a blossoming altar of Fedhas.
  2434 | D:4      | Found a basalt altar of Yredelemnul.
  2470 | D:4      | Reached skill level 6 in Unarmed Combat
  2518 | D:4      | Found Ahuevalod's Magic Scroll Boutique.
  2534 | D:4      | Bought a scroll of fear for 38 gold pieces
  2534 | D:4      | Bought a scroll of noise for 11 gold pieces
  2534 | D:4      | Bought a scroll of vulnerability for 82 gold pieces
  2534 | D:4      | Bought a scroll of identify for 22 gold pieces
  2534 | D:4      | Bought a scroll of identify for 22 gold pieces
  2534 | D:4      | Bought a scroll of identify for 22 gold pieces
  2534 | D:4      | Bought a scroll of identify for 22 gold pieces
  2546 | D:4      | Found a shimmering blue altar of Sif Muna.
  2574 | D:4      | Became a worshipper of Sif Muna the Loreminder
  2575 | D:4      | Fell from the grace of Sif Muna
  2616 | D:4      | Reached XP level 6. HP: 51/51 MP: 5/5
  2646 | D:4      | Found Kogiamev's Gadget Shop.
  2827 | D:4      | Found Leci's Armour Boutique.
  2907 | D:5      | Entered Level 5 of the Dungeon
  2954 | D:5      | Noticed an ice beast
  2968 | D:5      | Killed an ice beast
  2968 | D:5      | Reached skill level 7 in Unarmed Combat
  2968 | D:5      | Reached XP level 7. HP: 31/58 MP: 6/6
  3179 | D:5      | Found a staircase to the Ecumenical Temple.
  3220 | Temple   | Entered the Ecumenical Temple
  3300 | Temple   | Became a worshipper of Vehumet
  3301 | Temple   | Fell from the grace of Vehumet
  3315 | Temple   | Became a worshipper of Nemelex Xobeh the Trickster
  3397 | D:5      | Reached skill level 8 in Unarmed Combat
  3417 | D:5      | Received a gift from Nemelex Xobeh
  3474 | D:5      | Reached XP level 8. HP: 67/67 MP: 7/7
  3663 | D:5      | Noticed Eustachio
  3686 | D:5      | Killed Eustachio
  3686 | D:5      | Reached skill level 1 in Invocations
  3783 | D:6      | Noticed Pikel
  3978 | D:6      | Killed Pikel
  3978 | D:6      | Reached skill level 5 in Fighting
  3978 | D:6      | Reached skill level 1 in Evocations
  4025 | D:6      | Reached skill level 9 in Unarmed Combat
  4184 | D:6      | Noticed Sigmund
  4191 | D:6      | Killed Sigmund
  4191 | D:6      | Reached XP level 9. HP: 73/75 MP: 10/10
  4213 | D:6      | Found an opulent altar of Gozag.
  4217 | D:6      | Found a glowing golden altar of the Shining One.
  4217 | D:6      | Found a stormy altar of Qazlal.
  4219 | D:6      | Reached * piety under Nemelex Xobeh
  4220 | D:6      | Found a glowing silver altar of Zin.
  4231 | D:6      | Got a heavily runed ring mail
  4242 | D:6      | Identified the cursed +1 ring mail of the Hippo {*Corrode
                  | rElec rPois Dex+3} (You found it on level 6 of the Dungeon)
  4346 | D:6      | Found a runed translucent door.
  4347 | D:6      | Noticed Crazy Yiuf
  4365 | D:6      | Killed Crazy Yiuf
  4558 | D:6      | Received a gift from Nemelex Xobeh
  4838 | D:7      | Reached ** piety under Nemelex Xobeh
  4983 | D:7      | Received a gift from Nemelex Xobeh
  5381 | D:8      | Reached skill level 10 in Unarmed Combat
  5413 | D:8      | Reached skill level 5 in Throwing
  5440 | D:8      | Noticed a polar bear
  6306 | D:7      | Was forgiven by Sif Muna
  6338 | D:8      | Was forgiven by Vehumet
  6381 | D:8      | Killed a polar bear
  6381 | D:8      | Reached skill level 5 in Invocations
  6469 | D:7      | Reached XP level 10. HP: 62/84 MP: 12/12
  6638 | D:7      | Identified Roxanne's Papyrus of the Mutagenic Mountains
  6797 | D:8      | Received a gift from Nemelex Xobeh
  6927 | D:8      | Noticed a death yak
  6940 | D:8      | Killed a death yak
  6964 | D:8      | Reached skill level 11 in Unarmed Combat
  6970 | D:8      | Found a white marble altar of Elyvilon.
  7014 | D:8      | Found a staircase to the Lair.
  7016 | D:8      | Noticed a death yak
  7016 | D:8      | Noticed a death yak
  7017 | D:8      | Noticed a death yak
  7018 | D:8      | Noticed a death yak
  7037 | D:8      | Killed a death yak
  7042 | D:8      | Killed a death yak
  7079 | D:8      | Slain by a death yak

Levels and vault maps discovered:
D:1:      arrival_zaba_pyramid, layout_loops_ring, moated_statue,
          minmay_pentomino_q4
D:2:      layout_basic, old_standard_altar
D:3:      layout_basic, minitemple, uniq_terence
D:4:      layout_basic, overflow_temple_1_default, kennysheep_mini_moat,
          serial_shops, shop, nicolae_shop_window_shopping, shop_fountains,
          hangedman_decor_points
D:5:      layout_loops_ring, minmay_temple_entry_waves, first_ration,
          minivault_4, uniq_eustachio
D:6:      layout_cave_pods, grunt_temple_overflow_open, uniq_sigmund,
          uniq_pikel, uniq_crazy_yiuf_cottage
D:7:      minmay_clustersquares, layout_cave_pods
D:8:      layout_basic, lemuel_doored_altar, dpeg_lair_monsters, serial_ice,
          serial_ice_f, serial_ice_j, serial_ice_g, serial_ice_a
Temple:   eino_temple_lava

Skill      XL: |  1  2  3  4  5  6  7  8  9 10 |
---------------+-------------------------------+-----
Unarmed Combat | 3 4 5 6 7 8 9 10 11 | 11.2
Throwing       | 1 2 3 4 5 |  5.9
Fighting       | 4 5 6 7 |  7.4
Invocations    | 3 5 7 |  7.1
Evocations     | 2 3 4 |  4.6
Armour         | |  2.6
Shields        | |  2.6

Action                   |  1- 3 |  4- 6 |  7- 9 | 10-12 || total
-------------------------+-------+-------+-------+-------++-------
Melee: Unarmed           |   156 |   231 |   313 |    99 ||   799
Throw: Dart              |       |       |     9 |       ||     9
Invok: Renounce Religion |     1 |     1 |     1 |       ||     3
 Abil: Draw Destruction  |       |       |     2 |     1 ||     3
       Draw Escape       |       |       |       |     3 ||     3
       Draw Summoning    |       |       |       |     3 ||     3
Evoke: Wand              |       |       |     2 |       ||     2
  Use: Scroll            |       |     7 |     4 |       ||    11
 Stab: Distracted        |     1 |       |       |       ||     1
       Paralysed         |       |       |     2 |       ||     2
  Eat: Chunk             |     4 |    14 |    31 |    10 ||    59
Armor: Scale mail        |    79 |    33 |       |       ||   112
       Chain mail        |       |    64 |   165 |    49 ||   278
Dodge: Dodged            |    47 |    36 |    50 |    15 ||   148
Block: Shield            |    78 |    81 |   127 |    35 ||   321
